 Dungeon Crawl Stone Soup version 0.19.5 (webtiles) character file.

422 Mesmaeker13 the Conjurer (level 6, 0/32 HPs)
             Began as a Gargoyle Conjurer on Apr 7, 2017.
             Slain by a gnoll
             ... wielding a +0 whip
              (6 damage)
             ... on level 4 of the Dungeon.
             The game lasted 00:08:45 (3947 turns).

Mesmaeker13 the Conjurer (Gargoyle Conjurer)        Turns: 3947, Time: 00:08:46

Health: 0/32       AC:  7    Str: 11    XL:     6   Next: 95%
Magic:  4/12       EV: 13    Int: 18    God:
Gold:   212        SH:  0    Dex: 10    Spells: 3 memorised, 7 levels left

rFire  . . .     SeeInvis .     u - +1 trident (protect)
rCold  . . .     Gourm    .     a - +0 robe
rNeg   + . .     Faith    .     (no shield)
rPois  ∞         Spirit   .     p - +0 helmet
rElec  +         Reflect  .     (no cloak)
rCorr  .         Harm     .     (no gloves)
MR     .....                    (no boots)
Stlth  ++........               m - amulet of regeneration
                                (no ring)
                                (no ring)

@: no status effects
A: negative energy resistance 1, electricity resistance, unbreathing,
petrification resistance, rot immunity, AC +4
a: no special abilities


You were on level 4 of the Dungeon.
You were not hungry.

You visited 1 branch of the dungeon, and saw 4 of its levels.

You collected 212 gold pieces.

Inventory:

Hand Weapons
 u - a +1 trident of protection (weapon)
Missiles
 s - a throwing net (quivered)
Armour
 a - a +0 robe (worn)
 p - a +0 helmet (worn)
Jewellery
 m - an amulet of regeneration (around neck)
Scrolls
 e - a scroll of random uselessness {unknown}
 i - a scroll of teleportation
 r - a scroll of enchant armour
 v - 2 scrolls of noise {unknown}
 w - a scroll of immolation {unknown}
Potions
 f - 2 potions of haste
 g - a potion of brilliance
 j - a potion of flight {unknown}
 k - a potion of ambrosia {unknown}
 l - 2 potions of magic
 n - 4 potions of might {unknown}
 o - 2 potions of heal wounds
 q - 2 potions of cancellation {unknown}
 t - a potion of lignification {unknown}
Books
 b - a book of Conjurations

   Spells                             Type                      Level
   a - Magic Dart                     Conjuration                  1
   b - Searing Ray                    Conjuration                  2
   c - Dazzling Spray                 Conjuration/Hexes            3
   d - Fulminant Prism                Conjuration/Hexes            4
   e - Iskenderun's Mystic Blast      Conjuration                  4
   f - Iskenderun's Battlesphere      Conjuration/Charms           5
Comestibles
 c - 2 bread rations
 d - a slice of pizza
 h - 2 meat rations


   Skills:
 + Level 3.3 Dodging
 - Level 2.1 Stealth
 + Level 4.0 Spellcasting
 + Level 6.4 Conjurations


You had 7 spell levels left.
You knew the following spells:

 Your Spells              Type           Power        Failure   Level  Hunger
a - Magic Dart            Conj           ####         1%          1    None
b - Searing Ray           Conj           ####..       1%          2    ##.....
c - Dazzling Spray        Conj/Hex       ###...       14%         3    ###....


Dungeon Overview and Level Annotations

Branches:
Dungeon (4/15)
 Temple: D:4-7

Altars:

Annotations:
D:4 Frank's ghost, novice GrFi


Innate Abilities, Weirdness & Mutations

You are resistant to torment.
Your stone body is resilient. (AC +4)
You are immune to poison.
You resist negative energy. (rN+)
You are resistant to electric shocks. (rElec)
You can survive without breathing.
You are immune to petrification.
You are immune to rotting.


Message History

The gnoll shaman utters an invocation to its god.
The gnoll shaman is healed somewhat.
The gnoll shaman calls upon its god to heal the gnoll.
The gnoll's wounds heal themselves!
The gnoll misses you.
Casting: Searing Ray
Confirm with . or Enter, or press ? or * to list all spells.
Aiming: Searing Ray
Press: ? - help, Shift-Dir - straight line, f/p - gnoll
Aim: a gnoll, wielding a whip (fast)
The searing ray hits the gnoll.
The gnoll is moderately wounded. (Press . to maintain the ray.)
The gnoll hits you with a whip.
* * * LOW HITPOINT WARNING * * *
The gnoll closely misses you.
The searing ray hits the gnoll shaman.
You kill the gnoll shaman!
The gnoll misses you. The gnoll barely misses you.
The gnoll hits you with a whip.
You die...

#..# #..# ..
########.#####..
#.......).......
#...............
#.......).....#.
#.............#
#......g.g....##
#......g@.......
#..............#
#.........>....#
#..............#
#..........^...#
#.......[......#
#.............##
####.##########
######.#


You could see 3 gnolls.

Vanquished Creatures
  A sky beast (D:3)
  An ogre (D:4)
  An orc priest (D:3)
  A gnoll shaman (D:4)
  Terence (D:1)
  An orc wizard (D:3)
  A gnoll (D:4)
  5 adders
  A dart slug (D:1)
  4 leopard geckos
  8 orcs (D:3)
  A giant cockroach (D:3)
  4 goblins
  4 hobgoblins
  10 jackals
  A quokka (D:2)
  A ball python (D:3)
  4 bats (D:1)
  5 frilled lizards
  13 kobolds
  7 rats
75 creatures vanquished.

Notes
Turn   | Place    | Note
-------+----------+-------------------------------------------
     0 | D:1      | Mesmaeker13 the Gargoyle Conjurer began the quest for the Orb.
     0 | D:1      | Reached XP level 1. HP: 10/10 MP: 3/3
   488 | D:1      | Reached XP level 2. HP: 9/15 MP: 0/5
   921 | D:1      | Reached XP level 3. HP: 19/19 MP: 3/6
   927 | D:1      | Reached skill level 5 in Conjurations
  1176 | D:2      | Learned a level 2 spell: Searing Ray
  1293 | D:2      | Noticed Terence
  1362 | D:1      | Killed Terence
  1362 | D:1      | Reached XP level 4. HP: 3/24 MP: 3/7
  2640 | D:3      | Reached XP level 5. HP: 28/28 MP: 9/9
  3132 | D:4      | Noticed an ogre
  3140 | D:3      | Learned a level 3 spell: Dazzling Spray
  3285 | D:4      | Noticed a sky beast
  3342 | D:3      | Killed a sky beast
  3342 | D:3      | Reached skill level 6 in Conjurations
  3342 | D:3      | Reached XP level 6. HP: 32/32 MP: 2/11
  3513 | D:4      | Noticed Frank's ghost (novice GrFi)
  3947 | D:4      | Slain by a gnoll

Skill      XL: |  1  2  3  4  5  6 |
---------------+-------------------+-----
Conjurations   | 5 6 |  6.4
Dodging        | 2 3 |  3.3
Spellcasting   | 3 4 |  4.0
Stealth        | |  2.1

Action                   |  1- 3 |  4- 6 || total
-------------------------+-------+-------++-------
Melee: Spear             |    68 |    57 ||   125
       Unarmed           |     7 |       ||     7
       Falchion          |       |    38 ||    38
       Trident           |       |    22 ||    22
 Cast: Magic Dart        |    29 |    33 ||    62
       Searing Ray       |     2 |     9 ||    11
       Dazzling Spray    |       |     5 ||     5
Evoke: Wand              |       |     4 ||     4
  Use: Potion            |     1 |     1 ||     2
       Scroll            |       |     6 ||     6
 Stab: Sleeping          |     3 |     3 ||     6
       Invisible         |       |     1 ||     1
  Eat: Chunk             |     2 |     9 ||    11
Armor: Robe              |    38 |    44 ||    82
Dodge: Dodged            |    52 |    93 ||   145
       Rpst.: Falchion   |       |     6 ||     6
